 Dungeon Crawl Stone Soup version 0.19-a0-860-g5c370dd (webtiles) character file.

182 Sixotanaka the Slasher (level 5, -5/34 HPs)
             Began as a High Elf Skald on July 2, 2016.
             Slain by an iguana (7 damage)
             ... on level 4 of the Dungeon.
             The game lasted 00:07:07 (3899 turns).

Sixotanaka the Slasher (High Elf Skald)             Turns: 3899, Time: 00:07:08

Health: -5/34      AC:  4    Str: 11    XL:     5   Next: 35%
Magic:  2/9        EV: 11    Int: 19    God:
Gold:   159        SH:  0    Dex: 15    Spells: 3 memorised, 2 levels left

rFire  . . .     SeeInvis .     a - +0 falchion
rCold  . . .     Gourm    +     b - +0 leather armour
rNeg   . . .     Faith    .     (no shield)
rPois  .         Spirit   .     p - +0 helmet {Int+3}
rElec  .         Dismiss  .     (no cloak)
rCorr  .         Reflect  .     (no gloves)
SustAt .         Harm     .     (no boots)
MR     .....                    o - amulet of the gourmand
Stlth  +.........               (no ring)
                                (no ring)

@: infused, not resistant to hostile enchantments, very unstealthy
A: no striking features
a: no special abilities


You were on level 4 of the Dungeon.
You were very full.

You visited 1 branch of the dungeon, and saw 4 of its levels.

You collected 159 gold pieces.


   Skills:
 - Level 2.0 Fighting
 * Level 6.8 Long Blades
 - Level 0.8 Armour
 - Level 1.1 Dodging
 - Level 2.4 Spellcasting
 + Level 3.6 Charms


You had 2 spell levels left.
You knew the following spells:

 Your Spells              Type           Power        Failure   Level  Hunger
a - Shroud of Golubria    Chrm/Tloc      #.........   17%         2    ##.....
g - Regeneration          Chrm/Necr      #.........   34%         3    ###....
z - Infusion              Chrm           ###.         6%          1    #......


Dungeon Overview and Level Annotations

Branches:
Dungeon (4/15)
 Temple: D:4-7

Altars:
Qazlal
Trog

Annotations:
D:3 5 exclusions, Natasha; Oroborous's ghost, amateur TrNe

Inventory:

Hand Weapons
 a - a +0 falchion (weapon)
 u - a +0 blowgun
   (You took it off a kobold on level 3 of the Dungeon)
Missiles
 q - a stone (quivered)
 s - 28 poisoned needles
Armour
 b - a +0 leather armour (worn)
 e - a +0 large shield
   (You found it on level 1 of the Dungeon)
 p - a +0 helmet of intelligence (worn)
   (You took it off Robin on level 1 of the Dungeon)
Jewellery
 i - an uncursed ring of ice
   (You found it on level 1 of the Dungeon)
 o - an amulet of the gourmand (around neck)
   (You found it on level 1 of the Dungeon)
Scrolls
 f - 6 scrolls of remove curse {unknown}
 k - a scroll of teleportation {unknown}
 m - 2 scrolls of random uselessness {unknown}
 n - 4 scrolls of identify {unknown}
 r - a scroll of blinking {unknown}
 t - a scroll of noise {unknown}
Potions
 h - a potion of curing {unknown}
 l - 3 potions of flight {unknown}
Books
 c - a book of Battle
Comestibles
 d - 3 bread rations {@e1}
 g - a meat ration {@e2}
 j - 2 beef jerkies

. # #. # # #..### .# .#
#....## # #'## #..
#.##.##.# #...# .
#.##.##.### #.....
##.##......##......
######......# #.#.......
............# #.@l......
.####._.##..###.#.......
.# #...###.....##......
.# ##### ###.### #.....
.# #.# #...# ## #.# #+##
#.# #.# #.#


You could see an iguana.


Message History

Your shroud begins to fray at the edges.
You feel sick. The adder bites you but does no damage.
You closely miss the adder. The adder closely misses you.
You riposte.
You miss the adder. You closely miss the adder.
Your shroud bends the adder's attack away.
The adder bites you but does no damage.
You hit the adder.
You kill the adder!
Your magical infusion is running out.
You feel sick.
You start resting.
Your shroud unravels.
You start resting.
You feel sick.
You are no longer magically infusing your attacks.
You start resting.
You feel sick. x2
You are no longer poisoned.
You start resting.
You start resting.
t - a scroll labeled RIUGAI MIUTIW
Found a runed dagger.
Found a bloodstained altar of Trog.
There is a bloodstained altar of Trog here.
Things that are here:
a runed dagger; an animal skin You open the door.
An iguana comes into view.
There is an open door here.
You begin infusing your attacks with magical energy.
Space distorts slightly along a thin shroud covering your body.
You hit the iguana. The iguana barely misses you.
You hit the iguana. You hit the iguana but do no damage. The iguana bites you.
Your shroud falls apart!
Your leather armour prevents you from hitting the iguana.
The iguana barely misses you.
You riposte.
You closely miss the iguana. You hit the iguana. The iguana bites you!
You hit the iguana. The iguana bites you!
* * * LOW HITPOINT WARNING * * *
You are too injured to fight recklessly!
Unknown command.
You closely miss the iguana. The iguana misses you.
You hit the iguana.
The iguana bites you but does no damage.
You hit the iguana. The iguana bites you!
* * * LOW HITPOINT WARNING * * *
Unknown command.
You hit the iguana but do no damage. The iguana bites you!
You die...

Vault maps used:
D:1:      dpeg_arrival_rooms_a, minmay_misc_feat_diagonals,
          supply_closet_lemuel, minmay_quantized
D:2:      lemuel_coloured_pillars_altar, minmay_tetromino_s2, uniq_robin
D:3:      led_sif_book, ecumenical_altar_2, st_stairs_7, minivault_25,
          uniq_natasha
D:4:      bloody_trog, xom_redecorated

Vanquished Creatures
  An iguana (D:4)
  Robin (D:1)
  4 adders
  An ooze (D:1)
  A worm (D:3)
  4 dart slugs
  3 giant geckos
  4 orcs (D:3)
  2 giant cockroaches
  19 goblins
  7 hobgoblins
  10 jackals
  2 quokkas
  2 ball pythons
  7 bats
  3 giant newts
  6 kobolds
  A quokka skeleton (D:4)
  7 rats
85 creatures vanquished.

Table legend:
 A = Turns spent in this place as a percentage of turns spent in the entire game.
 B = Non-inter-level travel turns spent in this place as a percentage of non-inter-level travel turns spent in the entire game.
 C = Inter-level travel turns spent in this place as a percentage of turns spent in this place.
 D = Turns resting spent in this place as a percentage of non-inter-level travel turns spent in this place.
 E = Turns spent auto-exploring this place as a percentage of non-inter-level travel turns spent in this place.
 F = Non-inter-level travel turns spent in this place divided by the number of levels of this place that you've seen.
                   A       B       C       D       E      F
               +-------+-------+-------+-------+-------+----------------------
         Total | 100.0 | 100.0 |   1.0 |   9.4 |  12.0 | 229.2
       Dungeon | 100.0 | 100.0 |   1.0 |   9.4 |  12.0 | 229.2
               +-------+-------+-------+-------+-------+----------------------

Table legend:
 A = Kills in this place as a percentage of kills in entire the game.
 B = Kills by you in this place as a percentage of kills by you in the entire game.
 C = Kills by friends in this place as a percentage of kills by friends in the entire game.
 D = Other kills in this place as a percentage of other kills in the entire game.
 E = Experience gained in this place as a percentage of experience gained in the entire game.
 F = Experience gained in this place divided by the number of levels of this place that you have seen.
                   A       B       C       D       E      F
               +-------+-------+-------+-------+-------+----------------------
         Total | 100.0 | 100.0 |  -nan |  -nan | 100.0 |  65.2
       Dungeon | 100.0 | 100.0 |  -nan |  -nan | 100.0 |  65.2
               +-------+-------+-------+-------+-------+----------------------

Notes
Turn   | Place    | Note
-------+----------+-------------------------------------------
     0 | D:1      | Sixotanaka the High Elf Skald began the quest for the Orb.
     0 | D:1      | Reached XP level 1. HP: 14/14 MP: 4/4
   102 | D:1      | Reached skill level 3 in Long Blades
   214 | D:1      | Reached XP level 2. HP: 6/19 MP: 0/6
   862 | D:1      | Reached skill level 4 in Long Blades
   870 | D:1      | Learned a level 2 spell: Shroud of Golubria
   989 | D:1      | Reached XP level 3. HP: 22/24 MP: 1/7
  1434 | D:2      | Noticed Robin
  1648 | D:1      | Killed Robin
  1648 | D:1      | Reached skill level 5 in Long Blades
  1717 | D:2      | Reached XP level 4. HP: 29/29 MP: 8/8
  2233 | D:2      | Found a stormy altar of Qazlal.
  2561 | D:3      | Noticed Natasha
  2610 | D:3      | Found a faded altar of an unknown god.
  2654 | D:3      | Reached skill level 6 in Long Blades
  2742 | D:3      | Noticed Oroborous's ghost (amateur TrNe)
  3325 | D:3      | Reached XP level 5. HP: 29/34 MP: 2/9
  3624 | D:4      | Learned a level 3 spell: Regeneration
  3869 | D:4      | Found a bloodstained altar of Trog.
  3898 | D:4      | HP: 2/34 [iguana (11)]
  3899 | D:4      | Slain by an iguana

Action                   |  1- 3 |  4- 6 || total
-------------------------+-------+-------++-------
Melee: Falchion          |   133 |   164 ||   297
Throw: Stone             |       |     2 ||     2
 Cast: Infusion          |    11 |     9 ||    20
       Shroud of Golubri |     2 |     9 ||    11
  Eat: Chunk             |     8 |    13 ||    21
Armor: Leather armour    |    43 |    31 ||    74
Dodge: Dodged            |    73 |    67 ||   140
